 Dungeon Crawl Stone Soup version 0.22.0-40-g68aacdc (webtiles) character file.

224 Lew the Covert (level 6, -3/39 HPs)
             Began as an Octopode Assassin on Sept 2, 2018.
             Slain by an ogre
             ... wielding a +0 giant spiked club
              (14 damage)
             ... on level 4 of the Dungeon.
             The game lasted 00:04:27 (1947 turns).

Lew the Covert (Octopode Assassin)                  Turns: 1947, Time: 00:04:28

Health: -3/39      AC:  1    Str: 11    XL:     6   Next: 0%
Magic:  6/6        EV: 13    Int: 13    God:
Gold:   171        SH:  0    Dex: 15    Spells: 5/5 levels left

rFire    . . .     SeeInvis .   a - +2 dagger
rCold    . . .     Gourm    .   (no shield)
rNeg     . . .     Faith    .   (helmet restricted)
rPois    .         Spirit   .   (no amulet)
rElec    .         Reflect  .   k - ring of protection from magic
rCorr    .         Harm     .   (no ring)
MR       +....     Clarity  +   (no ring)
Stlth    +++++.....             (no ring)
HPRegen  0.13/turn              (no ring)
MPRegen  0.10/turn              (no ring)
                                (no ring)
                                (no ring)

@: invisible
A: almost no armour, stealthy swim, amphibious, 8 rings, constrict 8, camouflage
1, clarity, gelatinous body 1
a: no special abilities


You were on level 4 of the Dungeon.
You were very hungry.

You visited 1 branch of the dungeon, and saw 4 of its levels.

You collected 171 gold pieces.

Inventory:

Hand Weapons
 a - a +2 dagger (weapon)
 b - a +0 blowgun
Missiles
 c - 41 poisoned needles
 d - 2 curare-tipped needles
Jewellery
 k - a ring of protection from magic (left tentacle)
Scrolls
 g - 2 scrolls of teleportation
 h - a scroll of enchant armour {unknown}
 i - a scroll of identify
Potions
 l - a potion of curing
 n - 2 potions of agility
Comestibles
 f - 6 rations


   Skills:
 - Level 2.0 Fighting
 - Level 2.0 Short Blades
 - Level 2.0 Throwing
 - Level 1.0 Dodging
 + Level 9.8 Stealth


You had 5 spell levels left.
You didn't know any spells.
Your spell library was empty.

Dungeon Overview and Level Annotations

Branches:
Dungeon (4/15)
 Temple: D:4-7

Altars:


Innate Abilities, Weirdness & Mutations

You cannot wear most types of armour.
You are very stealthy in the water. (Stealth+)
You are amphibious.
You can wear up to eight rings at the same time.
You can use your tentacles to constrict eight enemies at once.
Your skin changes colour to match your surroundings (Stealth+).
Your rubbery body absorbs attacks. (AC +1, EV +1)
You possess an exceptional clarity of mind.


Message History

Ouch! That really hurt!
* * * LOW HITPOINT WARNING * * *
You are too injured to fight recklessly!
You are too injured to fight recklessly!
You are too injured to fight recklessly!
You are too injured to fight recklessly!
You are too injured to fight recklessly!
You are too injured to fight recklessly!
You are too injured to fight recklessly!
You are too injured to fight recklessly!
You are too injured to fight recklessly!
You are too injured to fight recklessly!
You are too injured to fight recklessly!
Okay, then.
Okay, then.
Okay, then.
You feel a little less clever now.
You fade into invisibility!
The ogre hits you with a giant spiked club!
You die...

w####.########
...#.........#
...#.........#
...#.........#
...##.#.....## #
............##.#
.....w.........#
..†.........#######
.......####.##.O@.#
........w...##.####
........###....#
........##########
.....>............
.......##..####.#####
#########....#......
#.##.#....#
#.))......#


You could see an ogre.

Vanquished Creatures
  A bullfrog (D:4)
  A hound (D:3)
  A worker ant (D:3)
  3 adders
  A worm (D:3)
  A dart slug (D:2)
  3 leopard geckos
  10 orcs
  5 goblins
  A hobgoblin (D:2)
  8 jackals
  A quokka (D:2)
  10 bats
  5 frilled lizards
  5 kobolds
  11 rats
67 creatures vanquished.

Notes
Turn   | Place    | Note
-------+----------+-------------------------------------------
     0 | D:1      | Lew the Octopode Assassin began the quest for the Orb.
     0 | D:1      | Reached XP level 1. HP: 14/14 MP: 1/1
   216 | D:1      | Reached XP level 2. HP: 19/19 MP: 2/2
   232 | D:1      | Reached skill level 6 in Stealth
   611 | D:2      | Gained mutation: You are partially covered in yellow scales. (AC +2) [potion of mutation]
   611 | D:2      | Gained mutation: Your muscles are strong. (Str +2) [potion of mutation]
   611 | D:2      | Gained mutation: Your magical capacity is low. (-10% MP) [potion of mutation]
   611 | D:2      | Gained mutation: Your flesh is heat resistant. (rF+) [potion of mutation]
   741 | D:2      | Reached XP level 3. HP: 24/24 MP: 2/2
  1030 | D:2      | Reached skill level 7 in Stealth
  1178 | D:3      | Reached XP level 4. HP: 26/29 MP: 3/3
  1203 | D:3      | Reached skill level 8 in Stealth
  1491 | D:3      | Reached XP level 5. HP: 30/34 MP: 4/4
  1547 | D:3      | Reached skill level 9 in Stealth
  1876 | D:4      | Lost mutation: Your muscles are strong. (Str +2) [potion of mutation]
  1876 | D:4      | Lost mutation: Your magical capacity is low. (-10% MP) [potion of mutation]
  1876 | D:4      | Lost mutation: Your flesh is heat resistant. (rF+) [potion of mutation]
  1876 | D:4      | Lost mutation: You are partially covered in yellow scales. (AC +2) [potion of mutation]
  1876 | D:4      | Gained mutation: You are agile. (Dex +2) [potion of mutation]
  1876 | D:4      | Lost mutation: You are agile. (Dex +2) [potion of mutation]
  1876 | D:4      | Gained mutation: You possess an exceptional clarity of mind. [potion of mutation]
  1907 | D:4      | Noticed an ogre
  1910 | D:4      | Reached XP level 6. HP: 39/39 MP: 6/6
  1947 | D:4      | Slain by an ogre

Skill      XL: |  1  2  3  4  5 |
---------------+----------------+-----
Stealth        | 6 7 8 9 |  9.8
Fighting       | |  2.0
Short Blades   | |  2.0
Throwing       | |  2.0
Dodging        | |  1.0

Action                   |  1- 3 |  4- 6 || total
-------------------------+-------+-------++-------
Melee: Dagger            |    55 |    65 ||   120
       Constrict         |    10 |    14 ||    24
       Tentacles         |     8 |    11 ||    19
  Use: Scroll            |     5 |     3 ||     8
       Potion            |     1 |     3 ||     4
 Stab: Sleeping          |    17 |    10 ||    27
  Eat: Chunk             |       |     2 ||     2
Armor: Skin              |     8 |    12 ||    20
Dodge: Dodged            |    28 |    40 ||    68
